 Dungeon Crawl Stone Soup version 0.29-a0-559-g359e09b9d1 (webtiles) character file.

Game seed: 2660958248132008655

1131 Hubjo the Changer (level 8, -2/61 HPs)
             Began as a Demonspawn Transmuter on June 10, 2022.
             Was an Elder of Cheibriados.
             Slain by a steam dragon (3 damage)
             ... on level 6 of the Dungeon.
             The game lasted 00:07:01 (5330 turns).

Hubjo the Changer (Demonspawn Transmuter)           Turns: 5330, Time: 00:07:02

Health: -2/61      AC:  2    Str: 19    XL:     8   Next: 13%
Magic:  13/13      EV: 13    Int: 24    God:    Cheibriados [****..]
Gold:   256        SH:  6    Dex: 31    Spells: 9/14 levels left

rFire   . . .      SeeInvis .     - Unarmed
rCold   . . .      Faith    .   (no shield)
rNeg    . . .      Spirit   .   a - +0 robe
rPois   +          Reflect  .   (helmet restricted)
rElec   .          Harm     .   (no cloak)
rCorr   .          Rampage  .   (no gloves)
Will    .....                   (no boots)
Stlth   +++.......              (no amulet)
HPRegen 0.20/turn               g - +6 ring of dexterity
MPRegen 0.13/turn               s - ring of poison resistance

@: attractive, very slow
A: antennae 2, large bone plates 2, ignite blood 1, demonic magic 1
a: Renounce Religion, Bend Time, Temporal Distortion, Slouch


You were on level 6 of the Dungeon.
You worshipped Cheibriados.
Cheibriados was greatly pleased with you.
You visited 1 branch of the dungeon, and saw 6 of its levels.

You collected 256 gold pieces.

Inventory:

Armour
 a - a +0 robe (worn)
Jewellery
 g - a +6 ring of dexterity (left hand)
 s - a ring of poison resistance (right hand)
 x - a ring of positive energy
Wands
 k - a wand of iceblast (10)
 n - a wand of acid (6)
Scrolls
 i - a scroll of enchant weapon
 j - a scroll of immolation
 l - 3 scrolls of teleportation
 m - a scroll of torment
 p - a scroll of magic mapping
 q - a scroll of fear {unknown}
 u - a scroll of brand weapon {unknown}
 v - a scroll of vulnerability {unknown}
 w - a scroll of silence {unknown}
 y - a scroll of poison
Potions
 b - 2 potions of lignification
 c - a potion of attraction
 d - a potion of resistance {unknown}
 e - a potion of degeneration {unknown}
 f - a potion of heal wounds {unknown}
 h - 2 potions of might {unknown}
 o - 2 potions of ambrosia {unknown}
 r - a potion of curing {unknown}
 t - a potion of flight {unknown}
 z - a potion of mutation {unknown}


   Skills:
 + Level 4.4 Fighting
 - Level 1.7 Dodging
 + Level 3.3 Stealth
 + Level 4.3 Unarmed Combat
 + Level 3.8 Spellcasting
 + Level 4.5 Transmutations
 + Level 2.5 Ice Magic
 + Level 1.1 Invocations


You had 9 spell levels left.
You knew the following spells:

 Your Spells              Type           Power      Damage    Failure   Level
a - Beastly Appendage     Tmut           52%        N/A       1%          1
b - Ice Form              Ice/Tmut       21%        N/A       24%         4

Your spell library contained the following spells:

 Spells                   Type           Power      Damage    Failure   Level
 Wereblood                Tmut           26%        N/A       2%          2
 Spider Form              Tmut/Pois      15%        N/A       12%         3
 Summon Guardian Golem    Hex/Summ       4%         N/A       30%         3
 Orb of Destruction       Conj           2%         9d5       100%        7
 Spellforged Servitor     Conj/Summ      2%         N/A       100%        7


Dungeon Overview and Level Annotations

Branches:
Dungeon (6/15)
 Temple: D:4-7

Altars:
Cheibriados
Dithmenos


Innate Abilities, Weirdness & Mutations

You have a pair of antennae on your head.
You are mostly covered in large bone plates. (SH +6)
Your demonic aura sometimes causes spilled blood to erupt in flames.
Spells you cast may paralyse adjacent enemies.


Message History

You are too injured to fight recklessly!
You are too injured to fight recklessly!
You are too injured to fight recklessly!
You are too injured to fight recklessly!
You are too injured to fight recklessly!
You are too injured to fight recklessly!
You are too injured to fight recklessly!
You are too injured to fight recklessly!
You are too injured to fight recklessly!
You are too injured to fight recklessly!
You are too injured to fight recklessly!
You are too injured to fight recklessly!
You are too injured to fight recklessly!
You are too injured to fight recklessly!
Unknown command.
You hit the steam dragon but do no damage.
The steam dragon is heavily wounded.
The steam dragon barely misses you. The steam dragon claws you.
You closely miss the steam dragon. You claw the steam dragon.
The steam dragon is heavily wounded.
Your talons disappear.
You hit the steam dragon but do no damage.
The steam dragon is heavily wounded.
You block the steam dragon's attack. The steam dragon misses you.
You hit the steam dragon but do no damage.
The steam dragon is heavily wounded.
The steam dragon bites you.
* * * LOW HITPOINT WARNING * * *
The steam dragon closely misses you.
You hit the steam dragon.
The steam dragon is heavily wounded.
The steam dragon breathes steam at you. The ball of steam hits you!
* * * LOW HITPOINT WARNING * * *
It was a potion of attraction.
You feel attractive to monsters. The steam dragon bites you.
* * * LOW HITPOINT WARNING * * *
The steam dragon claws you.
You die...

...##.#..# ##........# #
.## ###.## #.##...##.##.
#...# ##.......#.##.
###...#####.......##....
#..................#####
##................##
#.....#..§.........#
#.....).§...........#
.........@§...........#
....##...D............##
##.. ##..............>.#
#.. #.............##...
.. ..............
...............
...............
...#.....##....


You could see a steam dragon (catching breath).

Vanquished Creatures
  2 water moccasins
  A black bear (D:5)
  2 ogres
  A bullfrog (D:3)
  2 gnoll sergeants
  A necrophage (D:4)
  A howler monkey (D:4)
  A jelly (D:4)
  3 hounds
  6 gnolls
  8 adders
  2 worms (D:3)
  5 dart slugs
  16 orcs
  2 bats
  6 endoplasms
  4 goblins
  2 hobgoblins (D:4)
  13 jackals (D:3)
  4 quokkas
  A ball python (D:3)
  A frilled lizard (D:3)
  3 kobolds
  10 rats
97 creatures vanquished.

Vanquished Creatures (others)
  A bullfrog (D:6)
1 creature vanquished.

Grand Total: 98 creatures vanquished

Notes
Turn   | Place    | Note
-------+----------+-------------------------------------------
     0 | D:1      | Hubjo the Demonspawn Transmuter began the quest for the
                  | Orb.
     0 | D:1      | Reached XP level 1. HP: 15/15 MP: 3/3
   318 | D:1      | Found a faded altar of an unknown god.
   333 | D:1      | Prayed at the altar of an unknown god.
   333 | D:1      | Became a worshipper of Cheibriados the Contemplative
   333 | D:1      | Reached * piety under Cheibriados
   495 | D:1      | Gained mutation: Spells you cast may paralyse adjacent
                  | enemies. [demonic ancestry]
   495 | D:1      | Reached XP level 2. HP: 18/21 MP: 3/5
  1197 | D:2      | Gained mutation: You are partially covered in large bone
                  | plates. (SH +4) [demonic ancestry]
  1197 | D:2      | Reached XP level 3. HP: 22/27 MP: 4/6
  1486 | D:2      | Found a shadowy altar of Dithmenos.
  1688 | D:2      | You fall into a shaft and drop 2 floors!
  1708 | D:4      | Reached ** piety under Cheibriados
  1755 | D:4      | Reached skill level 1 in Stealth
  1783 | D:4      | Noticed an ogre
  1791 | D:4      | Killed an ogre
  1792 | D:4      | Reached XP level 4. HP: 34/34 MP: 5/7
  1797 | D:4      | Learned a level 4 spell: Ice Form
  1822 | D:4      | Gained mutation: Your demonic aura sometimes causes spilled
                  | blood to erupt in flames. [demonic ancestry]
  1822 | D:4      | Reached XP level 5. HP: 33/40 MP: 6/9
  2791 | D:4      | Reached skill level 1 in Ice Magic
  2791 | D:4      | Lost mutation: You have a pair of horns on your head.
                  | [demonic ancestry]
  2791 | D:4      | Lost mutation: You have a pair of small horns on your head.
                  | [demonic ancestry]
  2791 | D:4      | Gained mutation: You have a pair of small antennae on your
                  | head. [demonic ancestry]
  2791 | D:4      | Reached XP level 6. HP: 28/47 MP: 8/10
  3095 | D:4      | Reached *** piety under Cheibriados
  3516 | D:5      | Entered Level 5 of the Dungeon
  3737 | D:5      | Noticed a water moccasin
  3750 | D:5      | Killed a water moccasin
  3751 | D:5      | Gained mutation: You have a pair of antennae on your head.
                  | [demonic ancestry]
  3751 | D:5      | Reached XP level 7. HP: 40/53 MP: 11/11
  4394 | D:5      | Reached **** piety under Cheibriados
  5087 | D:6      | Gained mutation: You are mostly covered in large bone
                  | plates. (SH +6) [demonic ancestry]
  5087 | D:6      | Reached XP level 8. HP: 59/60 MP: 13/13
  5244 | D:6      | Reached skill level 1 in Invocations
  5329 | D:6      | HP: 1/61 [steam dragon/ball of steam (13)]
  5330 | D:6      | Slain by a steam dragon

Illustrated notes

Levels and vault maps discovered:
D:1:      dpeg_arrival_ratfight, layout_basic,
          hellmonk_ecumenical_altar_crossroads, serial_bayou_ford_a
D:2:      layout_basic, basic_altar, hex_tiny
D:3:      layout_basic, kennysheep_small_spiral
D:4:      minmay_chambers_of_twos, layout_rooms
D:5:      layout_basic
D:6:      layout_cave_pools, serial_shops, nicolae_square_shop

Skill      XL: |  1  2  3  4  5  6  7  8 |
---------------+-------------------------+-----
Transmutations | 2 3 4 |  4.5
Fighting       | 2 3 4 |  4.4
Stealth        | 1 2 3 |  3.3
Unarmed Combat | 3 4 |  4.3
Ice Magic      | 1 2 |  2.5
Spellcasting   | 3 |  3.8
Invocations    | 1 |  1.1
Dodging        | |  1.7

Action                   |  1- 3 |  4- 6 |  7- 9 || total
-------------------------+-------+-------+-------++-------
Melee: Unarmed           |    77 |   135 |    81 ||   293
       Kick              |    19 |    43 |    28 ||    90
       Headbutt          |    11 |    16 |       ||    27
       Punch             |       |     6 |     2 ||     8
 Cast: Beastly Appendage |    21 |    26 |    11 ||    58
Evoke: Wand              |       |       |     5 ||     5
  Use: Scroll            |     2 |     3 |     1 ||     6
       Potion            |       |       |     3 ||     3
 Stab: Paralysed         |     1 |     1 |       ||     2
       Sleeping          |       |     6 |     2 ||     8
Armor: Robe              |     9 |    11 |     7 ||    27
       Skin              |       |       |    18 ||    18
Dodge: Dodged            |    44 |    81 |    56 ||   181
Block: Other             |     6 |    17 |    10 ||    33

Table legend: (Time is in decaauts)
 A = Elapsed time spent in this place.
 B = Non-inter-level travel time spent in this place.
 C = Inter-level travel time spent in this place.
 D = Time resting spent in this place.
 E = Time spent auto-exploring this place.
 F = Levels seen in this place.
 G = Mean time per level.
                   A        B        C        D        E       F      G
               +--------+--------+--------+--------+--------+-----+--------+
         Total |   6821 |   6712 |    109 |      0 |   5758 |   6 | 1136.8 |
       Dungeon |   6821 |   6712 |    109 |      0 |   5758 |   6 | 1136.8 |
               +--------+--------+--------+--------+--------+-----+--------+

Top non-repeatable levels by time:
     D:5: 1970 daAuts
     D:3: 1230 daAuts
     D:1: 1103 daAuts
     D:4: 1083 daAuts
     D:2: 960 daAuts
     D:6: 472 daAuts
